 Dungeon Crawl Stone Soup version 0.18.1-48-g4cf74bf (webtiles) character file.

19 toucherabbit the Charlatan (level 2, 0/21 HPs)
             Began as a Demonspawn Artificer on Aug 7, 2016.
             Slain by a worm (6 damage)
             ... on level 2 of the Dungeon.
             The game lasted 00:05:36 (698 turns).

toucherabbit the Charlatan (Demonspawn Artificer)    Turns: 698, Time: 00:05:37

Health: 0/21       AC:  6    Str: 11    XL:     2   Next: 55%
Magic:  4/4        EV: 10    Int: 13    God:
Gold:   35         SH:  0    Dex: 13    Spells: 0 memorised, 1 level left

rFire  + . .     SeeInvis .     a - +0 short sword
rCold  . . .     Gourm    .     j - +1 ring mail {rF+}
rNeg   . . .     Faith    .     (no shield)
rPois  .         Spirit   .     (no helmet)
rElec  .         Dismiss  .     (no cloak)
rCorr  .         Reflect  .     (no gloves)
SustAt .         Harm     .     (no boots)
MR     .....                    (no amulet)
Stlth  +.........               (no ring)
                                (no ring)

@: not resistant to hostile enchantments, very unstealthy
A: rot immunity
a: no special abilities


You were on level 2 of the Dungeon.
You were not hungry.

You visited 1 branch of the dungeon, and saw 2 of its levels.

You collected 35 gold pieces.

Inventory:

Hand Weapons
 a - a +0 short sword (weapon)
Missiles
 h - 5 javelins of returning (quivered)
 i - 10 poisoned needles
 k - 15 bolts
Armour
 b - a +0 leather armour
 j - a +1 ring mail of fire resistance (worn)
Wands
 c - a wand of flame (15/48)
 d - a wand of enslavement (14/24)
 e - a wand of random effects (15/48)
Potions
 l - a potion of beneficial mutation {unknown}
 m - a potion of cancellation {unknown}
Comestibles
 f - a bread ration
 g - 5 chunks of flesh


   Skills:
 + Level 1.0 Fighting
 + Level 1.1 Short Blades
 + Level 0.1 Armour
 + Level 1.8 Dodging
 + Level 1.0 Stealth
 + Level 3.7 Evocations


You had one spell level left.
You didn't know any spells.

Dungeon Overview and Level Annotations

Branches:
Dungeon (2/15)

Altars:


Innate Abilities, Weirdness & Mutations

You are immune to rotting.


Message History

A giant newt comes into view.
Your worm misses the kobold.
A worm comes into view.
You hit the kobold.
You kill the kobold!
Your Stealth skill increases to level 1!
A rat comes into view.
You hit the kobold but do no damage. The kobold barely misses you.
You closely miss the kobold.
The worm is no longer charmed.
The kobold hits you but does no damage. The worm bites you but does no damage.
You barely miss the worm. The kobold hits you but does no damage.
The giant newt bites you but does no damage.
The worm barely misses you.
You hit the worm but do no damage.
The giant newt bites you but does no damage.
The kobold closely misses you. The giant newt bites you.
* * * LOW HITPOINT WARNING * * *
The giant newt barely misses you. The worm bites you.
You die...

## ### .. ..# ...# K #.#
....# #. #.# #...#
#.#.##.#### #...#
#..?......# #...#
##.#..##.###...######
#......lKlw.......... #
##
......#..rlw@...........
#.#.
####..#.#..†.(......(...
.#.
#.....##..###...####. ..
#.........#....)..# #)
#..#####.##.#..÷..##
####. #..
..##.#.....##.##.... ..
#####.#.....##.##.##.
#.#..............
#.#.##..##.......


You could see 2 worms, a kobold, 3 giant newts and a rat.

Vanquished Creatures
  A dart slug (D:2)
  3 bats
  A giant cockroach (D:1)
  2 goblins (D:1)
  2 hobgoblins
  2 kobolds
  2 giant newts (D:1)
  3 rats
16 creatures vanquished.

Vanquished Creatures (collateral kills)
  A bat (D:2)
1 creature vanquished.

Grand Total: 17 creatures vanquished

Notes
Turn   | Place    | Note
--------------------------------------------------------------
     0 | D:1      | toucherabbit the Demonspawn Artificer began the quest for the Orb.
     0 | D:1      | Reached XP level 1. HP: 15/15 MP: 3/3
   197 | D:1      | Gained mutation: You are immune to rotting. [demonic ancestry]
   197 | D:1      | Reached XP level 2. HP: 11/21 MP: 4/4
   303 | D:1      | Reached skill level 1 in Short Blades
   693 | D:2      | Reached skill level 1 in Stealth
   698 | D:2      | Slain by a worm

Skill      XL: |  1  2 |
---------------+-------+-----
Short Blades   | 1 |  1.1
Stealth        | 1 |  1.0
Fighting       | |  1.0
Armour         | |  0.1
Dodging        | |  1.8
Evocations     | |  3.7

Action                   || total
-------------------------++-------
Melee: Short sword       ||    75
Evoke: Wand              ||     1
  Use: Scroll            ||     1
Armor: Leather armour    ||     7
       Ring mail         ||    46
Dodge: Dodged            ||    75
